 Dungeon Crawl Stone Soup version 0.27.1-33-g824d729ab1 (webtiles) character file.

Game seed: 1833547633948701703

6 Sharkman1231 the Magician (level 1, 0/15 HPs)
             Began as a Demonspawn Wanderer on Dec 26, 2021.
             Slain by a hobgoblin (3 damage)
             ... on level 1 of the Dungeon.
             The game lasted 00:00:15 (104 turns).

Sharkman1231 the Magician (Demonspawn Wanderer)      Turns: 104, Time: 00:00:15

Health: 0/15       AC:  5    Str: 12    XL:     1   Next: 75%
Magic:  6/6        EV: 10    Int: 12    God:
Gold:   0          SH:  0    Dex: 13    Spells: 10/10 levels left

rFire    . . .     SeeInvis .   a - +0 dagger
rCold    . . .     Faith    .   (no shield)
rNeg     . . .     Spirit   .   c - +0 ring mail
rPois    .         Reflect  .   (no helmet)
rElec    .         Harm     .   (no cloak)
rCorr    .         Rampage  .   (no gloves)
Will     .....                  (no boots)
Stlth    +.........             (no amulet)
HPRegen  0.05/turn              (no ring)
MPRegen  0.10/turn              (no ring)

@: no status effects
A: no striking features
a: no special abilities


You were on level 1 of the Dungeon.
You visited 1 branch of the dungeon, and saw 1 of its levels.

Inventory:

Hand Weapons
 a - a +0 dagger (weapon)
Armour
 c - a +0 ring mail (worn)


   Skills:
 + Level 1.4 Fighting
 - Level 1.0 Throwing
 - Level 1.0 Stealth
 - Level 5.0 Spellcasting
 - Level 3.0 Hexes


You had 10 spell levels left.
You didn't know any spells.
Your spell library contained the following spells:

 Spells                   Type           Power      Damage    Failure   Level
 Slow                     Hex            10%        N/A       21%         2
 Beastly Appendage        Tmut           6%         N/A       41%         1
 Magic Dart               Conj           12%        1d3       41%         1
 Blink                    Tloc           N/A        N/A       56%         2
 Call Imp                 Summ           3%         N/A       56%         2
 Conjure Flame            Conj/Fire      3%         6-21      80%         3
 Ignite Poison            Fire/Tmut/Pois 3%         N/A       80%         3
 Mephitic Cloud           Conj/Pois/Air  3%         N/A       80%         3


Dungeon Overview and Level Annotations

Branches:
Dungeon (1/15)

Altars:


Message History

You finish putting on your +0 ring mail.
Unknown command.
Drop what? 3/52 slots (_ for help) (? for menu, Esc to quit)
You drop a +0 robe.
A ball python comes into view.
A ball python is nearby!
A ball python is nearby!
A ball python is nearby!
The ball python hisses angrily.
The ball python bites you but does no damage.
The ball python grabs you. The ball python constricts you.
You closely miss the ball python.
The ball python bites you but does no damage.
The ball python constricts you.
You completely miss the ball python.
The ball python bites you but does no damage.
The ball python constricts you.
You closely miss the ball python.
The ball python bites you but does no damage.
The ball python constricts you.
You closely miss the ball python. The ball python bites you.
The ball python constricts you.
You hit the ball python.
You kill the ball python!
You see here a ball python corpse.
You start resting.
A hobgoblin comes into view.
A hobgoblin is nearby!
You are too injured to fight recklessly!
You are too injured to fight recklessly!
The hobgoblin shouts!
Unknown command.
An endoplasm comes into view.
You closely miss the hobgoblin. The hobgoblin barely misses you.
You barely miss the hobgoblin.
The endoplasm quivers.
The hobgoblin hits you.
* * * LOW HITPOINT WARNING * * *
You barely miss the hobgoblin. The hobgoblin hits you.
You die...

###### #....# .... ###
#J################
.....##....†...[#.......
#.....g@.#.....##.#####
#...####.#..$..).(....#
. #.#.....##.###.#
#.#.....##.....#
..#.....######.##
###.....######..#
#.....+.......#
#.....#######.#
#.....#.....#.#


You could see an endoplasm and a hobgoblin.

Vanquished Creatures
  2 ball pythons (D:1)
  A giant cockroach (D:1)
  A hobgoblin (D:1)
  A frilled lizard (D:1)
  A kobold (D:1)
6 creatures vanquished.

Notes
Turn   | Place    | Note
-------+----------+-------------------------------------------
     0 | D:1      | Sharkman1231 the Demonspawn Wanderer began the quest for
                  | the Orb.
     0 | D:1      | Sharkman1231 set off with the following items: a +0 dagger,
                  | a +0 robe; and the following spells available to memorise:
                  | Slow, Beastly Appendage, Magic Dart, Blink, Call Imp,
                  | Conjure Flame, Ignite Poison, Mephitic Cloud
     0 | D:1      | Reached XP level 1. HP: 13/13 MP: 6/6
    58 | D:1      | Reached skill level 1 in Fighting
   104 | D:1      | Slain by a hobgoblin

Illustrated notes

Levels and vault maps discovered:
D:1:      minmay_arrival_solitary_statue, layout_basic,
          chequers_ecumenical_altar_simple

Skill      XL: |  1 |
---------------+----+-----
Fighting       | 1 |  1.4
Throwing       | |  1.0
Stealth        | |  1.0
Spellcasting   | |  5.0
Hexes          | |  3.0

Action                   || total
-------------------------++-------
Melee: Dagger            ||    31
 Stab: Sleeping          ||     1
Armor: Robe              ||     8
       Ring mail         ||     4
Dodge: Dodged            ||    20
